[Event "*** Biggest EVER Titled Tuesday"]
[Site "Chess.com"]
[Date "2018.04.17"]
[Round "6"]
[White "rezacz"]
[Black "AbdAlAgathos"]
[Result "0-1"]
[WhiteElo "2424"]
[BlackElo "2335"]
[TimeControl "180+2"]
[EndTime "14:23:14 PDT"]
[Termination "AbdAlAgathos won by resignation"]

1. e4 e6 2. d4 d5 3. Bd3 c5 4. exd5 exd5 5. Nf3 Bd6 6. O-O Ne7 7. dxc5 Bxc5 8. h3 O-O 9. Nbd2 Nbc6 10. Nb3 Bb6 11. Bf4 Ng6 12. Bg3 Qf6 13. c3 Nf4 14. Re1 Nxd3 15.
Qxd3 Bf5 16. Qd1 Be4 17. Nfd4 Qg6 18. Kh2 Rad8 19. f3 Bd3 20. a4 Nxd4 21. Nxd4 a6 22. Re3 Bxd4 23. Rxd3 Bf6 24. Rxd5 Rxd5 25. Qxd5 Qc2 26.
Qxb7 h5 27. a5 h4 28. Bf4 Re8 29. Qxa6 Qxb2 30. Rg1 Bxc3 31. Qb6 Qc2 32. a6 Qa4 33. Qd6 Bd4 34. Rb1 Bf2 35. Rb8 Rxb8 36. Qxb8+ Kh7 37. Qe5 g6 38. Be3 Bg3+ 39. Kh1 Bxe5 0-1

[Event "*** Biggest EVER Titled Tuesday"]
[Site "Chess.com"]
[Date "2018.04.17"]
[Round "6"]
[White "Wraku89"]
[Black "wonderfultime"]
[Result "0-1"]
[WhiteElo "2604"]
[BlackElo "2793"]
[TimeControl "180+2"]
[EndTime "14:23:17 PDT"]
[Termination "wonderfultime won by resignation"]

1. e4 c5 2. Be2 d6 3. f4 g6 4.
d3 Bg7 5. Nf3 Nc6 6. c3 Nf6 7.
Na3 O-O 8. O-O Rb8 9. Nc2 b5 10. a3 a5 11. Qe1 b4 12. axb4 axb4 13. Bd2 bxc3 14. bxc3 c4 15. Ncd4 cxd3 16. Nxc6 Qb6+ 17. Nfd4 dxe2 18. Nxe7+ Kh8 19. Qxe2 Bg4 20. Qf2 Nxe4 21.
Qe3 Bxd4 22. cxd4 Qb7 23. Rfe1 f5 24. h3 Bh5 25. g4 Qxe7 26. gxh5 gxh5 27. Re2 Rg8+ 28.
Kh2 Qh4 29. Be1 Qf6 30. Ra7 d5 31. Rd7 Qe6 32. Ra7 Qf6 33. Rd7 Qe6 34. Ra7 Rg6 35. Qf3 Rbg8 36. Qxh5 R6g7 37. Rxg7 Rxg7 38. Rc2 Nf6 39. Bh4 Nxh5 0-1

[Event "*** Biggest EVER Titled Tuesday"]
[Site "Chess.com"]
[Date "2018.04.17"]
[Round "6"]
[White "Caterpiller35"]
[Black "LordIron"]
[Result "0-1"]
[WhiteElo "2207"]
[BlackElo "2150"]
[TimeControl "180+2"]
[EndTime "14:23:18 PDT"]
[Termination "LordIron won by resignation"]

1. d4 d5 2. Bf4 e6 3. e3 Bd6 4. Bg3 h5 5. c4 h4 6. Bxd6 Qxd6 7.
Nc3 dxc4 8. Bxc4 Nf6 9. Nf3 Nbd7 10. Rc1 a6 11. e4 e5 12. h3 exd4 13. Nxd4 Ne5 14.
Bb3 c5 15. Nf5 Qxd1+ 16. Rxd1 Bxf5 17. exf5 c4 18. Bc2 Rd8 19. O-O O-O 20. Rfe1 Rxd1 21. Rxd1 Re8 22. Kf1 Nc6 23. a3 Re5 24. g3 Kh7 25. g4 Kh6 26. f4 Re3 27. g5+ Kh5 28.
gxf6 gxf6 29. Kg2 Rg3+ 30. Kh2 Rf3 31. Be4 Rxf4 32. Bxc6 bxc6 33. Rd6 Kg5 34. Rxc6 Rf2+ 35. Kg1 Rxb2 36. Rxc4 Kxf5 37. Rxh4 Rb3 38. Rh5+ Kf4 39. Nd5+ Kg3 40. Kf1 Rxa3 41. Nxf6 Rf3+ 42. Ke2 Rxf6 43. Ke3 Re6+ 44. Kd4 Kf4 45. Rh4+ Kg5 46. Rh7 f5 47. h4+ Kg6 48. Rh8 f4 49. Rf8 Rf6 50. Rg8+ Kh5 51.
Rh8+ Kg4 52. Ke4 f3 53. Rg8+ Kxh4 54. Rg1 f2 55. Rf1 Kg3 56. Ke3 Kg2 0-1

[Event "*** Biggest EVER Titled Tuesday"]
[Site "Chess.com"]
[Date "2018.04.17"]
[Round "6"]
[White "underdogchss"]
[Black "Cocaino74"]
[Result "1-0"]
[WhiteElo "2380"]
[BlackElo "2150"]
[TimeControl "180+2"]
[EndTime "14:23:19 PDT"]
[Termination "underdogchss won by checkmate"]

1. d4 d5 2. Nf3 e6 3. c4 c6 4. Nbd2 Nf6 5. g3 Bb4 6. Qb3 a5 7. Bg2 dxc4 8. Qxc4 b5 9. Qc2 Bb7 10.
O-O O-O 11. Nb3 Na6 12. Rd1 Rc8 13. a3 Be7 14. Ne5 Qb6 15. Be3 Nd5 16. Nd7 Nxe3 17. fxe3 Qd8 18. Nxf8 Bxf8 19. Nd2 Qg5 20. Nf1 h5 21.
Qe4 Nc7 22. Qf4 Qd8 23. e4 g6 24. Rac1 Bd6 25. e5 Be7 26. h4 Nd5 27. Qf3 c5 28. e4 cxd4 29. Rxc8 Qxc8 30. exd5 Bxd5 31.
Qe2 Bc4 32. Qf3 Bc5 33. Qc6 Qf8 34. Kh2 d3 35. Nd2 Bd5 36. Bxd5 exd5 37. Qxd5 Be3 38. Ne4 d2 39. Nf6+ Kh8 40. Qe4 Qc5 41. Qa8+ Kg7 42.
Qg8+ Kh6 43. Qh7# 1-0

[Event "*** Biggest EVER Titled Tuesday"]
[Site "Chess.com"]
[Date "2018.04.17"]
[Round "6"]
[White "Cecile-Haussernot"]
[Black "Denis0027"]
[Result "1-0"]
[WhiteElo "2329"]
[BlackElo "2343"]
[TimeControl "180+2"]
[EndTime "14:23:21 PDT"]
[Termination "Cecile-Haussernot won by resignation"]

1. e4 d6 2. d4 Nf6 3. Nc3 g6 4. Bg5 Bg7 5. Qd2 c6 6. Nf3 b5 7. Bd3 Nbd7 8. O-O-O Nb6 9. Rhe1 O-O 10. Kb1 Nc4 11.
Bxc4 bxc4 12. Qe2 h6 13. Bc1 Qa5 14. Qxc4 Rb8 15. Ka1 Rb4 16. Qd3 Ba6 17. Qd2 Rfb8 18. e5 Nd5 19. Nxd5 cxd5 20. a3 Bc4 21. Re3 h5 22.
Rc3 R4b5 23. b3 Qb6 24. Bb2 a5 25. a4 Rb4 26. Ba3 dxe5 27. dxe5 e6 28. Bxb4 Qxb4 29. Kb2 Qb6 30. Qd4 Qb4 31. Nd2 Bf8 32. Nxc4 dxc4 33. Qxc4 Qa3+ 34. Kb1 Bg7 35. f4 Kh7 36. Qc5 Qxa4 37.
Rd4 Qe8 38. Qc6 Qf8 39. Qd6 Qg8 40. Rc7 Ra8 41. Qd7 a4 42. Rxa4 Rxa4 43. Qxa4 Qb8 44.
Qd7 Qb4 45. Qxf7 1-0

[Event "*** Biggest EVER Titled Tuesday"]
[Site "Chess.com"]
[Date "2018.04.17"]
[Round "6"]
[White "Ravan_02"]
[Black "bancsoo"]
[Result "0-1"]
[WhiteElo "2433"]
[BlackElo "2593"]
[TimeControl "180+2"]
[EndTime "14:23:23 PDT"]
[Termination "bancsoo won by resignation"]

1. g3 d5 2. Bg2 g6 3. d3 Bg7 4.
Nf3 e5 5. O-O Ne7 6. Nbd2 O-O 7.
e4 Nbc6 8. c3 a5 9. Re1 h6 10.
exd5 Nxd5 11. Nc4 Re8 12. a4 Bf5 13. Nh4 Be6 14. Ne3 Nxe3 15. Bxe3 Qd7 16. Qc2 Rad8 17. Rad1 Bd5 18. Nf3 f5 19. Bc5 Kh7 20. b4 b6 21.
c4 Bxf3 22. Bxf3 bxc5 23. Bxc6 Qxc6 24. bxa5 Ra8 25. Qd2 Qxa4 26. Ra1 Qc6 27. Ra2 e4 28. dxe4 Rxe4 29. Rd1 Rd4 30. Qe2 Re8 31. Qf1 Rxd1 32.
Qxd1 Bc3 33. Re2 Rxe2 34. Qxe2 Bxa5 35. Qe7+ Kg8 36. Qd8+ Kf7 37. Qh8 h5 38. Qh7+ Ke8 39. Qg8+ Kd7 40. h4 Bc3 41. Qf7+ Kc8 42. Qf8+ Kb7 43.
Qe7 Bd4 44. Qe2 Qe4 45. Qa2 Qd3 46. Kg2 f4 47. gxf4 Qd1 48. Qa5 Qg4+ 49. Kf1 c6 50. Qd8 Qxf4 51. Qd7+ Qc7 52. Qe6 Qg7 53. Kg2 Qf6 54.
Qd7+ Kb6 55. f3 Qxh4 56. Qc8 Qf2+ 57. Kh1 Qxf3+ 58. Kh2 Be5+ 59. Kg1 Qg4+ 60. Qxg4 hxg4 61. Kf2 Ka5 62. Ke3 Kb4 63. Ke4 g3 64. Kf3 Kxc4 65.
Kg2 Kd3 66. Kh3 c4 67. Kg2 c3 68.
Kf3 c2 69. Kg4 c1=Q 70. Kh3 Qh1+ 71. Kg4 g2 0-1

[Event "*** Biggest EVER Titled Tuesday"]
[Site "Chess.com"]
[Date "2018.04.17"]
[Round "6"]
[White "Nutflush"]
[Black "Saitama_Hero"]
[Result "0-1"]
[WhiteElo "2045"]
[BlackElo "2151"]
[TimeControl "180+2"]
[EndTime "14:23:23 PDT"]
[Termination "Saitama_Hero won on time"]

1. e4 d6 2. d4 Nf6 3. Nc3 c6 4. Nf3 Bg4 5. Be2 e6 6. O-O Be7 7. Be3 O-O 8. Re1 d5 9. e5 Nfd7 10. h3 Bf5 11. Bf1 c5 12. Ne2 Nc6 13. c3 cxd4 14. Bxd4 Nxd4 15. Nfxd4 Be4 16. Ng3 Bg6 17. f4 Qb6 18. Qd2 Bh4 19. Kh2 Nc5 20. f5 exf5 21. Qf4 Bxg3+ 22. Kxg3 Qxb2 23. Nxf5 Qxc3+ 24. Kh2 Bxf5 25. Qxf5 Ne4 26. Rac1 Qg3+ 27. Kg1 Rae8 28. Be2 Rxe5 29. Qf3 Qg5 30. Bd3 Rfe8 31. Rc7 Nf6 32. Rxe5 Qxe5 33. Rxb7 Qd4+ 34. Kh2 h5 35. Qf5 g6 36. Qf3 Re1 37. Rb8+ Kg7 38. Bf1 Qe5+ 39. Kg1 Qxb8 0-1

[Event "*** Biggest EVER Titled Tuesday"]
[Site "Chess.com"]
[Date "2018.04.17"]
[Round "6"]
[White "LawrenceTrent"]
[Black "Firouzja2003"]
[Result "1-0"]
[WhiteElo "2524"]
[BlackElo "2702"]
[TimeControl "180+2"]
[EndTime "14:23:24 PDT"]
[Termination "LawrenceTrent won by resignation"]

1. e4 c6 2. Ne2 d5 3. e5 c5 4. d4 Nc6 5. c3 Bg4 6. f3 Bf5 7. Be3 e6 8. dxc5 Nxe5 9. Nd4 Bxb1 10. Rxb1 Nf6 11. Bb5+ Ned7 12. b4 Qc7 13. O-O Be7 14. a4 O-O 15. a5 Ne5 16. Bf4 Nh5 17. Bd2 Ng6 18. Ne2 b6 19. cxb6 axb6 20. a6 Bd6 21. g3 Ne5 22. Nd4 Nc4 23. f4 Nf6 24. Qe2 Nxd2 25.
Qxd2 Ne4 26. Qd3 Qxc3 27. Rfc1 Qxd3 28. Bxd3 g5 29. Bxe4 dxe4 30. Rc6 Rfd8 31. Nb5 Bf8 32. Nc7 gxf4 33. Nxa8 f3 34. Nc7 e3 35. Rc3 e2 36. Kf2 Bxb4 37. Rxf3 Rd1 38. Kxe2 Rxb1 39. a7 Rb2+ 40. Kf1 Ra2 41. a8=Q+ Rxa8 42. Nxa8 Bc5 43.
Nc7 e5 44. Rb3 f5 45. Ke2 Kf7 46. Na6 Ke6 47. Nxc5+ bxc5 1-0

[Event "*** Biggest EVER Titled Tuesday"]
[Site "Chess.com"]
[Date "2018.04.17"]
[Round "6"]
[White "omer1997"]
[Black "carlesdc96"]
[Result "1-0"]
[WhiteElo "2106"]
[BlackElo "2447"]
[TimeControl "180+2"]
[EndTime "14:23:25 PDT"]
[Termination "omer1997 won by checkmate"]

1. e4 e6 2. d4 d5 3. Nd2 c5 4. exd5 Qxd5 5. Ngf3 cxd4 6. Bc4 Qd7 7. O-O Nc6 8. Nb3 a6 9. Nbxd4 Nxd4 10. Nxd4 Qc7 11. Qe2 Bd6 12. Nf5 Bxh2+ 13. Kh1 Be5 14. Re1 Bf6 15. Rd1 Ne7 16. Nd6+ Kf8 17. Bf4 Qa5 18. b4 Qb6 19. Rab1 Ng6 20. Be3 Qc7 21. Bc5 Be7 22.
Rb3 b5 23. Qf3 Ne5 24. Qxa8 bxc4 25. Nxc8 Bxc5 26. bxc5 cxb3 27. Nd6+ Ke7 28. Qxh8 bxc2 29. Rc1 Qc6 30. Qxg7 Qxc5 31. Nc8+ Kd7 32. Nb6+ Kc6 33.
Na4 Qd4 34. Rxc2+ Kb5 35. Nc3+ Kb4 36. Qg3 Nd3 37. Kg1 Nf4 38. Qe3 Qd6 39. Rb2+ Ka5 40. a3 Qxa3 41. Qb6# 1-0

[Event "*** Biggest EVER Titled Tuesday"]
[Site "Chess.com"]
[Date "2018.04.17"]
[Round "6"]
[White "goldenspine"]
[Black "twitchTriniCupid"]
[Result "0-1"]
[WhiteElo "2265"]
[BlackElo "2174"]
[TimeControl "180+2"]
[EndTime "14:23:25 PDT"]
[Termination "twitchTriniCupid won by resignation"]

1. e4 c6 2. d4 d5 3. Nc3 dxe4 4. Nxe4 Bf5 5. Ng3 Bg6 6. h4 h6 7. h5 Bh7 8. Nf3 Nd7 9. Bd3 Bxd3 10. Qxd3 e6 11.
Bd2 Ngf6 12. Ne4 Nxe4 13. Qxe4 Be7 14. Qe2 Qc7 15. g4 O-O-O 16. O-O-O Bd6 17. Kb1 c5 18. c3 cxd4 19. cxd4 Kb8 20. g5 hxg5 21. Rc1 Qb6 22. Nxg5 Rhf8 23. Be3 Qa5 24. Rhg1 Nf6 25. Qf3 Qb5 26.
h6 Qd3+ 27. Ka1 gxh6 28. Nh3 Nd5 29. Rgd1 Qg6 30. Nf4 Qf5 31. Rc5 Bxc5 32. dxc5 Nxf4 33. Bxf4+ Ka8 34. Rc1 Qd5 35. Qa3 e5 36. Be3 Qc6 37. Qa5 f5 38. f4 e4 39. a3 Rd3 40. Bg1 Rfd8 41. Ka2 Qd5+ 42. Kb1 Rd1 43. c6 Rxc1+ 44. Kxc1 Qxa5 45. cxb7+ Kxb7 0-1

[Event "*** Biggest EVER Titled Tuesday"]
[Site "Chess.com"]
[Date "2018.04.17"]
[Round "6"]
[White "Alopekos"]
[Black "Kislov_Oleg"]
[Result "1-0"]
[WhiteElo "2306"]
[BlackElo "2261"]
[TimeControl "180+2"]
[EndTime "14:23:26 PDT"]
[Termination "Alopekos won by resignation"]

1. e4 e6 2. d4 d5 3. Nc3 Nf6 4. e5 Nfd7 5. Qg4 c5 6. dxc5 Nxe5 7.
Qg3 Nbc6 8. Be3 Bd7 9. Nb5 Qa5+ 10. c3 O-O-O 11. a4 Re8 12. b4 Qd8 13. Nf3 f6 14. Nfd4 a6 15. Be2 h5 16. h4 Nxd4 17. Nxd4 Nc6 18. b5 Nxd4 19. cxd4 a5 20. O-O e5 21.
c6 Bf5 22. cxb7+ Kxb7 23. Bf3 e4 24. Be2 Qd7 25. Rfc1 Bd6 26. Bf4 Bxf4 27. Qxf4 Rc8 28. Rc5 Rxc5 29. dxc5 Qe6 30. b6 Rc8 31. Rc1 d4 32. Bc4 Qe5 33. Qxe5 fxe5 34. Bd5+ Ka6 35. Bc4+ Kb7 36. Bd5+ Ka6 37. b7 Rb8 38. c6 Kb6 39. c7 Rxb7 40. Rb1+ Kxc7 41. Rxb7+ Kd6 42. Bb3 Kc5 43.
Rb5+ Kd6 44. Rxa5 1-0

[Event "*** Biggest EVER Titled Tuesday"]
[Site "Chess.com"]
[Date "2018.04.17"]
[Round "6"]
[White "Fandorine"]
[Black "Blitzstream"]
[Result "1-0"]
[WhiteElo "2718"]
[BlackElo "2470"]
[TimeControl "180+2"]
[EndTime "14:23:30 PDT"]
[Termination "Fandorine won by checkmate"]

1. e4 d5 2. exd5 Qxd5 3. Nc3 Qa5 4. g3 Nf6 5. Bg2 c6 6. Nf3 Bg4 7. h3 Bh5 8. O-O e6 9. d3 Bd6 10. Ne2 Nbd7 11. Nf4 Bg6 12. Re1 O-O 13. Nxg6 hxg6 14.
c3 Rad8 15. d4 Rfe8 16. Qb3 Qb6 17. Nd2 Bb8 18. Nc4 Qa6 19. a4 e5 20. Be3 exd4 21. Bxd4 Nd5 22. Bf1 b5 23. axb5 Qxb5 24. Qxb5 cxb5 25.
Na5 Rxe1 26. Rxe1 a6 27. Bg2 N7f6 28. Nc6 Rf8 29. Ra1 b4 30. c4 Nc7 31. Nxb4 Ne6 32. Be3 Be5 33. Nd3 Bd4 34. Bxd4 Nxd4 35. Rxa6 Kh7 36.
Ra8 Rxa8 37. Bxa8 Nd7 38. c5 Nb8 39. b4 f5 40. f4 Kh6 41. h4 Kh5 42. Kf2 Kg4 43.
Kg2 Na6 44. b5 Nc7 45. b6 Nxa8 46. b7 Nc7 47. b8=Q Nce6 48. Nf2+ Kh5 49. Qh8# 1-0

[Event "*** Biggest EVER Titled Tuesday"]
[Site "Chess.com"]
[Date "2018.04.17"]
[Round "6"]
[White "maciek_92"]
[Black "murmah2003"]
[Result "1-0"]
[WhiteElo "2581"]
[BlackElo "2534"]
[TimeControl "180+2"]
[EndTime "14:23:31 PDT"]
[Termination "maciek_92 won by resignation"]

1. c4 Nf6 2. Nc3 g6 3. g3 c5 4. Bg2 Bg7 5. e3 Nc6 6. Nge2 O-O 7. O-O b6 8. d4 cxd4 9. exd4 Bb7 10. b3 Rc8 11. h3 Qc7 12. Be3 d6 13. Rc1 Nb4 14. d5 Na6 15. Nd4 Nc5 16. b4 Ncd7 17. Nc6 Bxc6 18.
dxc6 Ne5 19. Nb5 Qb8 20. c7 Rxc7 21. Nxc7 Qxc7 22. Qb3 Rc8 23. c5 bxc5 24. bxc5 d5 25. Bxd5 Rb8 26. Bxf7+ Nxf7 27. Qe6 Rd8 28. Rfd1 Kf8 29.
c6 Rxd1+ 30. Rxd1 Nd8 31. Qc4 Ne8 32. Rc1 Nd6 33. Qa6 Nc8 34. Rd1 Nd6 35. Rc1 Nc8 36.
Bf4 e5 37. Bg5 Ne6 38. Be3 Nd4 39. Bxd4 exd4 40. Rb1 Nb6 41. Qb5 Be5 42. Rb3 Kg7 43.
a4 Nc8 44. Qd5 Ne7 45. Qd7 Kf7 46. Rb7 Qxd7 47. cxd7 Nc6 48. d8=Q+ 1-0

[Event "*** Biggest EVER Titled Tuesday"]
[Site "Chess.com"]
[Date "2018.04.17"]
[Round "6"]
[White "ChessMavenYeti"]
[Black "MFBerna"]
[Result "1-0"]
[WhiteElo "2097"]
[BlackElo "2311"]
[TimeControl "180+2"]
[EndTime "14:23:32 PDT"]
[Termination "ChessMavenYeti won by checkmate"]

1. d4 d5 2. c4 c6 3. e3 Nf6 4.
Nf3 a6 5. Nc3 g6 6. c5 Bg7 7. Qb3 O-O 8. Bd2 Re8 9. Ne5 Nfd7 10. f4 f6 11. Nxd7 Nxd7 12. Be2 e5 13. fxe5 fxe5 14. O-O-O exd4 15. exd4 Nxc5 16. dxc5 Bxc3 17.
Qxc3 Rxe2 18. Bh6 Qc7 19. Rde1 Rxe1+ 20. Rxe1 Bf5 21. Qf6 Qf7 22. Qd4 Be4 23. Re2 Qf1+ 24. Kd2 Qf7 25. Rf2 Qe7 26. Rf6 Re8 27. Re6 Kf7 28.
Rxe7+ Rxe7 29. Qg7+ Ke6 30. Qf8 Rf7 31. Qd6+ Kf5 32. g3 Bg2 33. g4+ Kxg4 34. Qe6+ Rf5 35. Bf8 Kh3 36. Bd6 Be4 37. Qd7 h5 38. Qxb7 Rf2+ 39.
Kc3 Rf3+ 40. Kd4 Rd3+ 41. Ke5 Kxh2 42. Kf6+ Kh3 43. Qd7+ Bf5 44. Qxc6 Rf3 45. Kg5 Be4 46. Qd7+ Rf5+ 47. Kxg6 Kg4 48. c6 d4 49. c7 d3 50.
c8=Q d2 51. Qxf5+ Bxf5+ 52. Qxf5+ Kh4 53. Qd3 a5 54. Qg3# 1-0

[Event "*** Biggest EVER Titled Tuesday"]
[Site "Chess.com"]
[Date "2018.04.17"]
[Round "6"]
[White "BillieKimbah"]
[Black "Shtembuliak"]
[Result "0-1"]
[WhiteElo "2747"]
[BlackElo "2655"]
[TimeControl "180+2"]
[EndTime "14:23:35 PDT"]
[Termination "Shtembuliak won on time"]

1. e4 e6 2. d4 d5 3. e5 c5 4. c3 Nc6 5. Nf3 Bd7 6. Be2 Nge7 7. O-O cxd4 8. cxd4 Ng6 9. g3 Be7 10. h4 O-O 11.
Nc3 f6 12. h5 Nh8 13. h6 g6 14.
exf6 Bxf6 15. Be3 Nf7 16. Nh2 Bg5 17. Qd2 Bxe3 18. Qxe3 Qg5 19. f4 Qxh6 20. Bd3 Nd6 21. Ng4 Qg7 22. Ne5 Nxe5 23. dxe5 Nf5 24. Bxf5 Rxf5 25.
Ne2 Bb5 26. Nd4 Bxf1 27. Rxf1 Qe7 28. Nxf5 gxf5 29. Rc1 Kh8 30. Rc2 Rg8 31. Kh2 Qg7 32. Rc3 h5 33. Qe2 Qg6 34. Qg2 Qg4 35. Qf2 a6 36.
Rc7 h4 37. gxh4 Qd1 38. Rxb7 d4 39. Rc7 d3 40. Rc6 Rd8 41. Rxe6 Qe2 0-1

[Event "*** Biggest EVER Titled Tuesday"]
[Site "Chess.com"]
[Date "2018.04.17"]
[Round "6"]
[White "jlandaw"]
[Black "Gajuchess"]
[Result "1-0"]
[WhiteElo "2469"]
[BlackElo "2582"]
[TimeControl "180+2"]
[EndTime "14:23:37 PDT"]
[Termination "jlandaw won by checkmate"]

1. e4 c5 2. Nc3 e6 3. g3 Nc6 4.
Bg2 Nf6 5. Nge2 Be7 6. O-O d6 7. d3 O-O 8. f4 Rb8 9. a3 Qc7 10. h3 b5 11. Rb1 b4 12. axb4 cxb4 13. Na4 Ba6 14. Be3 Nd7 15. g4 Nc5 16. Nxc5 dxc5 17. f5 c4 18. d4 c3 19. e5 Rfd8 20. f6 Bf8 21. Bxc6 Qxc6 22. Rf2 Qe4 23. Qc1 Bb7 24. Ng3 Qc6 25. bxc3 bxc3 26. Rb3 Ba8 27. Qb1 Rxb3 28. Qxb3 a5 29. fxg7 Bxg7 30. Qa3 Rb8 31. Qe7 Rb1+ 32. Kh2 Rb8 33. Qxf7+ Kh8 34. Nh5 Rg8 35. Nf6 Rf8 36. Qh5 Qh1+ 37. Kg3 Bxf6 38. exf6 Qg1+ 39. Kh4 Qe1 40.
Qe5 h6 41. f7+ Kh7 42. Qxe6 Bf3 43. Qxh6# 1-0

[Event "*** Biggest EVER Titled Tuesday"]
[Site "Chess.com"]
[Date "2018.04.17"]
[Round "6"]
[White "EndgameGrinder"]
[Black "rekosheten"]
[Result "1-0"]
[WhiteElo "2476"]
[BlackElo "2305"]
[TimeControl "180+2"]
[EndTime "14:23:38 PDT"]
[Termination "EndgameGrinder won by resignation"]

1. e4 Nf6 2. e5 Nd5 3. d4 d6 4. c4 Nb6 5. exd6 exd6 6. Nc3 Nc6 7. Be3 Be7 8. Qf3 O-O 9. O-O-O Be6 10. c5 Nc4 11. Bxc4 Bxc4 12. b3 Ba6 13. Nge2 Bf6 14. Nd5 Bg5 15. Nec3 Re8 16. Rhe1 b6 17. Kb2 Bxe3 18.
Rxe3 Rxe3 19. Qxe3 bxc5 20. dxc5 Rb8 21. Re1 Ne5 22. Ka1 Nd3 23. Ne7+ Kf8 24. Nc6 Qf6 25.
Qe7+ Qxe7 26. Rxe7 Bb7 27. Rxc7 Bxc6 28. Rxc6 dxc5 29. f3 Re8 30. Kb1 Re1+ 31. Kc2 Nb4+ 32. Kd2 Rg1 33. Rc8+ Ke7 34. a3 Rxg2+ 35. Kd1 Nd3 36.
Rc7+ Ke6 37. Rxa7 Rxh2 38. a4 Rb2 39. Rb7 Nf2+ 40. Ke1 Nd3+ 41. Kd1 c4 42. a5 cxb3 43. a6 Ra2 44. a7 Nc5 45. Nxa2 bxa2 46. a8=Q Nxb7 47.
Qxa2+ Kf6 48. Qb2+ 1-0

[Event "*** Biggest EVER Titled Tuesday"]
[Site "Chess.com"]
[Date "2018.04.17"]
[Round "6"]
[White "ahmadzada13"]
[Black "guillembaches"]
[Result "1/2-1/2"]
[WhiteElo "2556"]
[BlackElo "2249"]
[TimeControl "180+2"]
[EndTime "14:23:44 PDT"]
[Termination "Game drawn by repetition"]

1. e4 c5 2. Nf3 d6 3. Bb5+ Nd7 4. c3 Nf6 5. Qe2 a6 6. Ba4 b5 7.
Bc2 Bb7 8. O-O e6 9. d4 Be7 10. a4 O-O 11. Rd1 Qc7 12. Bg5 bxa4 13. Rxa4 h6 14. Bxf6 Bxf6 15. Bd3 Qc6 16. Ra1 Rfe8 17.
Na3 d5 18. e5 Be7 19. Bc2 Nf8 20. Nb1 Reb8 21. Nbd2 a5 22. Bd3 Qb6 23. Nf1 Bc6 24.
Ra2 a4 25. Rda1 c4 26. Bc2 Ra5 27. Ne3 Rba8 28. Ng4 a3 29. bxa3 Rxa3 30. Rxa3 Rxa3 31. Rxa3 Bxa3 32. Qd2 Qb2 33. h4 Qc1+ 34. Kh2 Qxd2 35. Nxd2 Bb2 36. Nb1 Nd7 37. Ne3 Nb6 38. Nd1 Bc1 39.
g3 Ba4 40. Bxa4 Nxa4 41. f4 g5 42. hxg5 hxg5 43. fxg5 Bxg5 44. Kg2 Bc1 45. Kf3 Kg7 46.
Nf2 Bb2 47. Nd1 Bc1 48. Nf2 Kg6 49. Nd1 f6 50. exf6 Kxf6 51. Nf2 Bb2 52. Nd1 Bc1 53. Nf2 Bb2 54. Nd1 Bc1 55. Nf2 1/2-1/2

[Event "*** Biggest EVER Titled Tuesday"]
[Site "Chess.com"]
[Date "2018.04.17"]
[Round "6"]
[White "peteseeger"]
[Black "Karina_Oparina"]
[Result "1-0"]
[WhiteElo "2098"]
[BlackElo "2145"]
[TimeControl "180+2"]
[EndTime "14:23:45 PDT"]
[Termination "peteseeger won by resignation"]

1. e4 c6 2. d4 d5 3. e5 Bf5 4. h4 h5 5. Bd3 Bxd3 6. Qxd3 e6 7.
Bg5 Ne7 8. Nc3 Nd7 9. Nf3 Qb6 10.
O-O Nf5 11. Ne2 g6 12. Ng3 Nxg3 13. fxg3 Bg7 14. Kh2 O-O 15. Be7 Rfe8 16. Bd6 Bf8 17. Ng5 Bxd6 18. exd6 f5 19. Rae1 e5 20. Rxf5 Qxd4 21.
Qf1 Rf8 22. Rf7 e4 23. Qf4 Qe5 24. Rf1 Qxf4 25. R1xf4 Ne5 26. Rxf8+ Rxf8 27. Ne6 Rxf4 28. gxf4 Nd7 29. Kg3 b6 30. Kf2 c5 31. Ke3 Kf7 32.
Ng5+ Kf6 33. c4 dxc4 34. Kxe4 b5 35. Kd5 b4 36. Kxc4 Kf5 37. Kd5 Kxf4 38. Kc6 Ne5+ 39.
Kxc5 Kg4 40. Kd5 Nd7 41. Nf3 Kg3 42. Kc6 Nf8 43. d7 Nxd7 44. Kxd7 Kxg2 45. Ne5 g5 46. hxg5 h4 47. g6 h3 48. g7 h2 49. g8=Q+ 1-0

[Event "*** Biggest EVER Titled Tuesday"]
[Site "Chess.com"]
[Date "2018.04.17"]
[Round "6"]
[White "TigranLPetrosyan"]
[Black "PchelkinVK"]
[Result "1-0"]
[WhiteElo "2648"]
[BlackElo "2426"]
[TimeControl "180+2"]
[EndTime "14:23:47 PDT"]
[Termination "TigranLPetrosyan won by checkmate"]

1. d4 e5 2. Nf3 e4 3. Nfd2 d5 4. c4 c6 5. Nc3 Nf6 6. cxd5 cxd5 7. Nb3 Nc6 8. Bg5 Be6 9. e3 Be7 10. Be2 Nd7 11. Bf4 O-O 12. O-O Rc8 13. Rc1 Na5 14. Nxd5 Rxc1 15. Nxe7+ Qxe7 16. Nxc1 Qb4 17. d5 Bf5 18.
Qc2 Nb6 19. a3 Qe7 20. Rd1 Rc8 21. Qd2 Nac4 22. Qd4 Nd6 23. a4 Bd7 24. Qb4 Nf5 25. d6 Qe6 26. a5 Nd5 27. Qxb7 Nxf4 28. exf4 e3 29. Qxa7 h6 30. h3 Rc2 31. b4 exf2+ 32. Qxf2 Ne3 33. Re1 Bc6 34. f5 Qe5 35. Nd3 Qd4 36.
Nf4 Nxf5 37. Qxd4 Nxd4 38. Bd3 Rd2 39. Be4 g5 40. Bxc6 Nxc6 41. Nh5 Nxb4 42. d7 Kh7 43. Re8 Nc6 44. Rc8 Kg6 45. g4 Nd4 46. Rg8+ Kh7 47. Nf6# 1-0

[Event "*** Biggest EVER Titled Tuesday"]
[Site "Chess.com"]
[Date "2018.04.17"]
[Round "6"]
[White "rasmussvane"]
[Black "gkchesstiger"]
[Result "1-0"]
[WhiteElo "2647"]
[BlackElo "2766"]
[TimeControl "180+2"]
[EndTime "14:23:49 PDT"]
[Termination "rasmussvane won by resignation"]

1. d4 Nf6 2. Nf3 e6 3. c4 b6 4. g3 a5 5. Bg2 Ba6 6. Qc2 c6 7. O-O d5 8. b3 Nbd7 9. Bb2 Be7 10. Nbd2 O-O 11. e4 Rc8 12. Rfe1 h6 13. e5 Ne8 14. Rac1 Nc7 15. Bf1 b5 16. c5 b4 17. Bg2 Nb5 18. h4 Qc7 19. Nf1 Rce8 20. Bh3 Bd8 21. Qd2 Qb8 22. Ne3 Nc7 23. Ng4 f5 24. exf6 Nxf6 25. Nxf6+ Bxf6 26. Ne5 Qb5 27. Nd7 Rf7 28. Nxf6+ gxf6 29. Qxh6 Qd3 30. Bf1 Qf5 31. Bg2 Rh7 32. Qe3 Rhe7 33.
Kh2 e5 34. Bh3 Qg6 35. Qf3 e4 36. Qg4 Kf7 37. Qf4 Ne6 38. Qd6 Bb5 39. Rcd1 f5 40. Bc1 Qf6 41. Bf4 Rd8 42. Qe5 Qxe5 43. Bxe5 Nxc5 44.
dxc5 Rxe5 45. f4 Re7 46. Bxf5 e3 47. Rd4 e2 48. Kg2 Re3 49. Kf2 Rde8 50. h5 Kf6 51.
Bg6 Rc3 52. Bxe8 Rxc5 53. g4 Rc3 54. g5+ Ke7 55. Bg6 Rh3 56. h6 Kd6 57. Bf5 1-0

[Event "*** Biggest EVER Titled Tuesday"]
[Site "Chess.com"]
[Date "2018.04.17"]
[Round "6"]
[White "FMJoseHerrera"]
[Black "DishonorOnYourCow"]
[Result "0-1"]
[WhiteElo "2452"]
[BlackElo "2323"]
[TimeControl "180+2"]
[EndTime "14:23:51 PDT"]
[Termination "DishonorOnYourCow won by resignation"]

1. Nf3 Nf6 2. g3 g6 3. Bg2 d5 4. O-O Bg7 5. d3 O-O 6. c3 c5 7. Be3 b6 8. Qc1 Bb7 9. Bh6 Nbd7 10. Bxg7 Kxg7 11. Nbd2 e5 12. Ne1 Qc7 13. Nc2 Rac8 14. a4 d4 15. Nf3 Nd5 16. Na3 a6 17. Rb1 Bc6 18. cxd4 cxd4 19. Nc4 Bxa4 20. Nfxe5 Nxe5 21. Bxd5 b5 22. b3 bxc4 23. bxa4 cxd3 24. Qxc7 Rxc7 25. exd3 Rd8 26. Bb7 Nxd3 27. Bxa6 Nc5 28. Bb5 d3 29.
Rfd1 d2 30. f3 Ra7 31. Rb4 Ne6 32. Kf2 Nc5 33. Kf1 Rda8 34. Rxd2 Nxa4 35. Rc2 Nb6 36. Bc6 Ra1+ 37. Ke2 R8a2 38. Rxa2 Rxa2+ 39. Ke3 Nc8 40. Bd5 Ra3+ 41. Kf4 Ne7 42. Bc4 h5 43. g4 hxg4 44. fxg4 Ra7 45. h3 Ng8 46. g5 Ne7 47. Rb6 Nf5 48. Bd3 Nd4 49. Ke4 Ne6 50. Rb5 Rc7 51. Kf3 Nd4+ 52. Kg4 Nxb5 53. Bxb5 Kf8 54. Bd3 Ke7 55. Kg3 Rc3 0-1

[Event "*** Biggest EVER Titled Tuesday"]
[Site "Chess.com"]
[Date "2018.04.17"]
[Round "6"]
[White "Arash_Tahbaz"]
[Black "David_Paravyan"]
[Result "1-0"]
[WhiteElo "2563"]
[BlackElo "2660"]
[TimeControl "180+2"]
[EndTime "14:23:53 PDT"]
[Termination "Arash_Tahbaz won by checkmate"]

1. d4 Nf6 2. c4 g6 3. Nc3 d5 4. Bg5 Bg7 5. Bxf6 Bxf6 6. cxd5 c6 7. e3 cxd5 8. Nf3 O-O 9. Be2 Nc6 10. O-O b6 11.
Rc1 Bb7 12. Qd2 Qd7 13. Rfd1 Rfc8 14. Bb5 a6 15. Bf1 b5 16. Ne2 e6 17. Nf4 Qd8 18. Nd3 Na5 19. Nc5 Bc6 20. b3 Nb7 21. Nd3 Be8 22. Nfe1 Be7 23. b4 a5 24. a3 Nd6 25. Rxc8 Qxc8 26. Nc5 Nc4 27. Qc3 axb4 28.
axb4 Ra3 29. Qc2 Qa8 30. Ned3 Ra2 31. Qc3 Ra3 32. Qc2 Ra1 33. Rxa1 Qxa1 34. g3 Bg5 35. Qe2 Qb1 36. Kg2 Bc6 37. h4 Be7 38. Qe1 Qc2 39. Qe2 Qc3 40. Qa2 Na3 41. h5 Bxc5 42. bxc5 b4 43. Ne5 Ba4 44. h6 f6 45. Qe2 fxe5 46.
Qa6 exd4 47. Qxa4 dxe3 48. Qe8# 1-0